 Dungeon Crawl Stone Soup version 0.21.1-1-g345015fe64 (webtiles) character file.

191 Loge the Magician (level 5, -3/28 HPs)
             Began as a Deep Elf Fire Elementalist on July 17, 2018.
             Shot with an arrow by a centaur (11 damage)
             ... on level 3 of the Dungeon.
             The game lasted 00:07:48 (2548 turns).

Loge the Magician (Deep Elf Fire Elementalist)      Turns: 2548, Time: 00:07:49

Health: -3/28      AC:  3    Str:  5    XL:     5   Next: 42%
Magic:  4/13       EV: 13    Int: 21    God:
Gold:   143        SH:  0    Dex: 15    Spells: 3/13 levels left

rFire    . . .     SeeInvis .   a - +1 short sword (venom)
rCold    . . .     Gourm    .   (no shield)
rNeg     . . .     Faith    .   j - +0 robe
rPois    .         Spirit   .   n - +0 helmet
rElec    .         Reflect  .   (no cloak)
rCorr    .         Harm     .   (no gloves)
MR       .....                  (no boots)
Stlth    ++........             (no amulet)
HPRegen  0.09/turn              (no ring)
MPRegen  0.13/turn              (no ring)

@: very slightly contaminated
A: no striking features
a: no special abilities


You were on level 3 of the Dungeon.
You were not hungry.

You visited 1 branch of the dungeon, and saw 3 of its levels.

You collected 143 gold pieces.

Inventory:

Hand Weapons
 a - a +1 short sword of venom (weapon)
Missiles
 m - 44 poisoned needles
Armour
 j - a +0 robe (worn)
 n - a +0 helmet (worn)
Wands
 r - a wand of random effects (27)
 u - a wand of flame (32)
Scrolls
 d - 2 scrolls of amnesia {unknown}
 e - 3 scrolls of enchant armour {unknown}
 f - 2 scrolls of noise {unknown}
 g - 3 scrolls of remove curse {unknown}
 p - 3 scrolls of identify {unknown}
 q - a scroll of fog {unknown}
 s - a scroll of immolation {unknown}
 t - a scroll of magic mapping {unknown}
Potions
 h - a potion of brilliance {unknown}
 i - 6 potions of curing
 k - 2 potions of resistance {unknown}
 l - 2 potions of haste {unknown}
 v - a potion of berserk rage {unknown}
Books
 b - a book of Flames

   Spells                             Type                      Level
   a - Flame Tongue                   Conjuration/Fire             1
   b - Throw Flame                    Conjuration/Fire             2
   c - Conjure Flame                  Conjuration/Fire             3
   d - Inner Flame                    Hexes/Fire                   3
   e - Sticky Flame                   Conjuration/Fire             4
   f - Fireball                       Conjuration/Fire             5
Comestibles
 c - 4 rations
 o - 5 chunks of flesh


   Skills:
 - Level 2.4 Dodging
 - Level 2.4 Stealth
 + Level 4.6 Spellcasting
 * Level 4.2 Conjurations
 + Level 4.4 Fire Magic


You had 3 spell levels left.
You knew the following spells:

 Your Spells              Type           Power        Failure   Level  Hunger
a - Flame Tongue          Conj/Fire      ###..        1%          1    None
b - Throw Flame           Conj/Fire      ###...       3%          2    #......
c - Conjure Flame         Conj/Fire      ###.....     6%          3    ##.....
d - Sticky Flame          Conj/Fire      ###.....     19%         4    ####...


Dungeon Overview and Level Annotations

Branches:
Dungeon (3/15)

Altars:

Annotations:
D:1 exclusion: downstairs


Message History

Aim: a centaur (hasn't noticed you)
The flame tongue hits the centaur.
The centaur is heavily wounded.
The centaur shouts!
The centaur wields a shortbow.
The centaur shoots an arrow.
The arrow hits you!
The centaur shoots an arrow.
The arrow hits you!
* * * LOW HITPOINT WARNING * * *
Casting: Flame Tongue
Confirm with . or Enter, or press ? or * to list all spells.
Aiming: Conjure Flame
Press: ? - help, Dir - move target cursor The fire ignites!
Casting: Conjure Flame
Confirm with . or Enter, or press ? or * to list all spells.
Aiming: Conjure Flame
Press: ? - help, Dir - move target cursor You miscast Conjure Flame.
You are very lightly contaminated with residual magic.
Heat runs through your body.
The centaur shoots an arrow.
The arrow hits you!
You die...

#.##.........# #.......
#.##.........# ##.#####
#.........# #.#
##.........# ##.##
...........########...#
#....................#
#.........########...#
#.....(...# #####
#.......@.#
.......###(# .....##
#.# ..... .ยง. .....
..c!. .. ##c...# ##.#.#
##### #.#.########...##
#.#.##...........


You could see a centaur.

Vanquished Creatures
  Jessica (D:3)
  Natasha (thrice) (D:2 D:3)
  Terence (D:3)
  Robin (D:2)
  An adder (D:3)
  An ooze (D:2)
  2 leopard geckos
  2 giant cockroaches
  9 goblins
  7 hobgoblins
  2 quokkas
  4 bats
  2 frilled lizards
  2 kobolds (D:2)
  4 rats
42 creatures vanquished.

Notes
Turn   | Place    | Note
-------+----------+-------------------------------------------
     0 | D:1      | Loge the Deep Elf Fire Elementalist began the quest for the Orb.
     0 | D:1      | Reached XP level 1. HP: 10/10 MP: 6/6
   514 | D:1      | Reached XP level 2. HP: 15/15 MP: 5/8
   532 | D:1      | Learned a level 2 spell: Throw Flame
   842 | D:2      | Noticed Natasha
   846 | D:2      | Killed Natasha
   846 | D:2      | Reached XP level 3. HP: 10/19 MP: 3/10
   857 | D:2      | Noticed Natasha
   997 | D:2      | Killed Natasha
  1328 | D:2      | Learned a level 3 spell: Conjure Flame
  1331 | D:2      | Reached XP level 4. HP: 24/24 MP: 6/11
  1491 | D:2      | Noticed Robin
  1498 | D:2      | Killed Robin
  1967 | D:3      | Learned a level 4 spell: Sticky Flame
  1990 | D:3      | Noticed a centaur
  2123 | D:3      | Noticed Jessica
  2128 | D:3      | Killed Jessica
  2217 | D:3      | Noticed Terence
  2277 | D:3      | Killed Terence
  2277 | D:3      | Reached XP level 5. HP: 28/28 MP: 5/13
  2307 | D:3      | Noticed Natasha
  2309 | D:3      | Killed Natasha
  2548 | D:3      | Shot with an arrow by a centaur

Skill      XL: |  1  2  3  4  5 |
---------------+----------------+-----
Conjurations   | 2 3 4 |  4.2
Spellcasting   | 4 |  4.6
Fire Magic     | 4 |  4.4
Dodging        | |  2.4
Stealth        | |  2.4

Action                   |  1- 3 |  4- 6 || total
-------------------------+-------+-------++-------
Melee: Short sword       |       |     1 ||     1
 Cast: Flame Tongue      |    25 |    59 ||    84
       Throw Flame       |     3 |     4 ||     7
       Conjure Flame     |     1 |     7 ||     8
  Eat: Chunk             |     1 |     4 ||     5
Armor: Robe              |     1 |     1 ||     2
Dodge: Dodged            |     6 |     7 ||    13
